 Dungeon Crawl Stone Soup version 0.28-a0-1387-g3a22ab9bdc (webtiles) character file.

Game seed: 12012481513196284523

2461 Deminshera the Cleaver (level 9, 0/109 HPs)
             Began as a Hill Orc Abyssal Knight on Jan 2, 2022.
             Was a Priest of Lugonu.
             Slain by a gnoll (5 damage)
             ... in a bailey.
             The game lasted 00:13:11 (10322 turns).

Deminshera the Cleaver (Hill Orc Abyssal Knight)   Turns: 10322, Time: 00:13:11

Health: 0/109      AC: 28    Str: 15 (18) XL:     9   Next: 50%
Magic:  0/15       EV:  2    Int:  8 (10) God:    Lugonu [***...]
Gold:   447        SH:  0    Dex: 10 (11) Spells: 8/8 levels left

rFire   . . .      SeeInvis +   b - +4 trident
rCold   . . .      Faith    .   (no shield)
rNeg    . . .      Spirit   .   (armour currently unavailable)
rPois   +          Reflect  .   (helmet currently unavailable)
rElec   .          Harm     .   (cloak currently unavailable)
rCorr   .          Rampage  .   (gloves currently unavailable)
Will    .....      NoTele   +   (boots currently unavailable)
Stlth   +.........              (no amulet)
HPRegen 0.28/turn               j - +4 ring of protection
MPRegen 0.14/turn               (no ring)

@: lit by a corona, tree-form (expiring), glowing
A: stationary, stasis, torment immunity, boosted hp, see invisible, frail 1,
weak 1, devolution 1
a: Renounce Religion, Depart the Abyss, Bend Space, Banish


You were in a bailey.
You worshipped Lugonu.
Lugonu was most pleased with you.
You were a tree.
You visited 1 branch of the dungeon, and saw 8 of its levels.
You visited the Abyss 1 time.
You also visited: Bailey.

You collected 447 gold pieces.

Inventory:

Hand Weapons
 b - a +4 trident (weapon)
 v - a +0 war axe
 A - a +3 hand axe
Missiles
 a - a throwing net
 e - 66 poisoned darts
 g - 2 atropa-tipped darts (quivered)
 B - 3 boomerangs
Armour
 y - a scarf of harm
 C - a +0 plate armour (melded)
Jewellery
 j - a +4 ring of protection (left branch)
 x - a ring of fire
 z - a ring of magical power
Wands
 p - a wand of flame (10)
Scrolls
 c - 2 scrolls of identify
 f - 2 scrolls of enchant armour
 i - 2 scrolls of enchant weapon
 m - a scroll of amnesia
 q - 5 scrolls of teleportation
 r - 3 scrolls of vulnerability
 u - 2 scrolls of immolation
Potions
 o - a potion of brilliance
 t - a potion of degeneration


   Skills:
 + Level 8.3 Fighting
 + Level 8.4 Axes
 + Level 3.5 Throwing
 + Level 4.6 Armour
 + Level 2.5 Dodging
 + Level 8.4 Invocations


You had 8 spell levels left.
You didn't know any spells.
Your spell library contained the following spells:

 Spells                   Type           Power      Damage    Failure   Level
 Magic Dart               Conj           0%         1d3       41%         1
 Passwall                 Tmut/Erth      0%         N/A       54%         2
 Searing Ray              Conj           0%         2d4       54%         2
 Static Discharge         Conj/Air       0%         N/A       54%         2
 Confusing Touch          Hex            0%         N/A       78%         3
 Swiftness                Air            0%         N/A       78%         3
 Dispel Undead            Necr           0%         3d6       99%         4
 Fulminant Prism          Conj/Hex       0%         3d6       99%         4
 Sticky Flame             Conj/Fire      0%         2d3       99%         4
 Yara's Violent Unravell  Hex/Tmut       0%         3d3       100%        5
 Enfeeble                 Hex            0%         N/A       100%        7


Dungeon Overview and Level Annotations

Branches:
Dungeon (8/15)             Temple (0/1) D:6          Bailey (1/1)
   Lair: D:8-11

Altars:
Kikubaaqudgha
Qazlal
Ru
Xom
Yredelemnul
The Shining One

Shops:
D:4 =   D:7 *


Innate Abilities, Weirdness & Mutations

You are a tree.
Your roots penetrate the ground, keeping you stationary.
You cannot be teleported.
You are immune to unholy pain and torment.
Your maximum health is greatly increased.
Your equipment is partially melded.
You have supernaturally acute eyesight. (SInv)
You are frail. (-10% HP)
You are weak. (Str -2)
You have hidden genetic defects.


Message History

The gnoll sergeant hits you but does no damage.
The gnoll hits you but does no damage. Space bends violently around you!
You blink.
Space bends sharply around you!
You blink.
The gnoll shaman calls upon its god to speed up the gnoll.
The gnoll seems to speed up.
Space bends around you!
You blink.
The gnoll shaman hits you from afar with a +0 trident.
* * * LOW HITPOINT WARNING * * *
The gnoll hits you from afar with a +0 trident.
* * * LOW HITPOINT WARNING * * *
The gnoll hits you but does no damage.
The gnoll sergeant hits you but does no damage.
Okay, then.
You cannot teleport because you are held in place by your roots.
Space bends around you!
You blink.
You close the door.
You start resting.
Your transformation is almost over.
You start resting.
Something unseen opens the door.
You close the door.
Something unseen opens the door.
You close the door.
A gnoll sergeant breaks down the door.
It's broken and can't be closed.
You cannot move.
You hit the gnoll sergeant.
The gnoll sergeant is lightly wounded.
The gnoll sergeant hits you but does no damage. x2
You hit the gnoll sergeant.
The gnoll sergeant is moderately wounded.
The gnoll sergeant hits you from afar with a +0 halberd.
* * * LOW HITPOINT WARNING * * *
The gnoll hits you from afar with a +0 trident.
* * * LOW HITPOINT WARNING * * *
The gnoll sergeant hits you but does no damage.
Press: ? - help, Shift-Dir - straight line, f/p - gnoll sergeant
Aim: a gnoll sergeant, wielding a +0 halberd and wearing a +0 chain mail (severely wounded, chance to affect: 84%)
The gnoll sergeant barely resists.
The gnoll hits you but does no damage.
The gnoll hits you from afar with a +0 trident.
You die...

♣.≈.§### ♣♣.≈..#
♣♣..≈..# ♣...≈..# ####
♣...≈..# #...##
♣♣(§.≈..######.....##
#♣♣♣.÷.....'.gg#...$...#
#∩..[.)gg..'.gg'...8...+
#♣♣♣....g..'...#♣g.$...#
♣♣...≈..######.....##
♣♣..≈..# #...## ♣..≈..#
#### ♣..≈..# ♣♣.≈..#
♣.≈..# ♣♣≈≈...# ♣♣≈≈≈≈≈≈


You could see 2 gnoll sergeants, a gnoll shaman and 2 gnolls.

Vanquished Creatures
  Joseph (D:7)
  2 vampire mosquitoes (D:6)
  Duvessa (D:5)
  A water moccasin (D:6)
  An orc warrior (D:7)
  A hornet zombie (D:8)
  A necrophage (D:6)
  A centaur (D:6)
  An ogre (D:5)
  A phantom (D:6)
  2 bullfrogs
  A scorpion (D:6)
  Dowan (D:5)
  A water moccasin skeleton (D:4)
  A howler monkey (D:5)
  2 bullfrog zombies (D:6)
  5 hounds
  2 centaur skeletons (D:7)
  2 gnoll shamans
  3 orc wizards
  An iguana (D:5)
  A howler monkey skeleton (D:7)
  10 gnolls
  7 adders
  2 white imps
  3 ufetubi
  7 worms
  3 dart slugs
  11 orcs
  4 bats
  3 endoplasms
  5 giant cockroaches
  5 goblins
  2 hobgoblins (D:2)
  4 jackals (D:1)
  3 quokkas
  6 ball pythons
  4 frilled lizards (D:1)
  7 kobolds
  6 rats
125 creatures vanquished.

Vanquished Creatures (collateral kills)
  An orc priest (D:7)
  An orc wizard (D:7)
  2 gnolls (Bailey)
  An orc (D:7)
5 creatures vanquished.

Vanquished Creatures (others)
  A vampire mosquito (D:6)
  A human (D:6)
  A plant (D:5)
3 creatures vanquished.

Grand Total: 133 creatures vanquished

Notes
Turn   | Place    | Note
-------+----------+-------------------------------------------
     0 | Abyss:1  | Deminshera the Hill Orc Abyssal Knight began the quest for
                  | the Orb.
     0 | Abyss:1  | Reached XP level 1. HP: 19/19 MP: 2/2
    46 | Abyss:1  | Noticed a deep elf sorcerer
    47 | D:1      | Escaped the Abyss
   201 | D:1      | Reached * piety under Lugonu
   240 | D:1      | Reached XP level 2. HP: 27/27 MP: 3/3
   255 | D:1      | Reached skill level 1 in Dodging
   868 | D:1      | Found a faded altar of an unknown god.
   893 | D:1      | Reached XP level 3. HP: 33/33 MP: 5/5
  2074 | D:2      | Reached XP level 4. HP: 40/40 MP: 6/6
  2155 | D:2      | Reached ** piety under Lugonu
  3096 | D:4      | Found Cum Qoj's Jewellery Shoppe.
  3330 | D:4      | Found a basalt altar of Yredelemnul.
  3349 | D:4      | Found a stormy altar of Qazlal.
  3499 | D:4      | Reached XP level 5. HP: 41/46 MP: 7/7
  3885 | D:4      | Found a shimmering altar of Xom.
  3885 | D:4      | Found a shimmering altar of Xom.
  3885 | D:4      | Found a shimmering altar of Xom.
  3886 | D:4      | Found a shimmering altar of Xom.
  3886 | D:4      | Found a shimmering altar of Xom.
  4387 | D:5      | Entered Level 5 of the Dungeon
  4412 | D:5      | Reached skill level 5 in Axes
  4412 | D:5      | Reached XP level 6. HP: 35/53 MP: 7/9
  4717 | D:5      | Found a sacrificial altar of Ru.
  5075 | D:5      | Found a glowing golden altar of the Shining One.
  5115 | D:5      | Noticed Dowan
  5116 | D:5      | Noticed Duvessa
  5136 | D:5      | Killed Duvessa
  5137 | D:5      | Reached skill level 5 in Fighting
  5137 | D:5      | Reached XP level 7. HP: 61/61 MP: 10/10
  5147 | D:5      | Killed Dowan
  5576 | D:5      | Reached skill level 5 in Invocations
  6414 | D:6      | Found an ancient bone altar of Kikubaaqudgha.
  6415 | D:6      | Noticed a human
  6419 | D:6      | Killed a human
  6717 | D:6      | Reached skill level 1 in Throwing
  6770 | D:6      | Reached XP level 8. HP: 57/70 MP: 12/12
  7128 | D:6      | Found a staircase to the Ecumenical Temple.
  8348 | D:7      | Reached XP level 9. HP: 65/80 MP: 14/14
  8574 | D:7      | Reached *** piety under Lugonu
  9061 | D:7      | Found Doeqiat's Neck Hole.
  9251 | D:7      | Noticed Joseph
  9276 | D:7      | HP: 2/81 [Joseph (10)]
  9277 | D:7      | Gained mutation: You have hidden genetic defects. [potion
                  | of mutation]
  9277 | D:7      | Gained mutation: You occasionally shout uncontrollably at
                  | your foes. [potion of mutation]
  9278 | D:7      | Killed Joseph
  9627 | D:6      | Lost mutation: You occasionally shout uncontrollably at
                  | your foes. [potion of mutation]
  9627 | D:6      | Gained mutation: Your mind is acute. (Int +2) [potion of
                  | mutation]
  9627 | D:6      | Lost mutation: Your mind is acute. (Int +2) [potion of
                  | mutation]
  9627 | D:6      | Gained mutation: You expend magic power (3 MP) to
                  | strengthen your wands. [potion of mutation]
  9627 | D:6      | Gained mutation: You are strong-willed. (Will+) [potion of
                  | mutation]
  9628 | D:6      | Lost mutation: You are strong-willed. (Will+) [potion of
                  | mutation]
  9628 | D:6      | Lost mutation: You expend magic power (3 MP) to strengthen
                  | your wands. [potion of mutation]
  9628 | D:6      | Gained mutation: You have supernaturally acute eyesight.
                  | (SInv) [potion of mutation]
  9628 | D:6      | Gained mutation: You are frail. (-10% HP) [potion of
                  | mutation]
  9771 | D:8      | Gained mutation: You are weak. (Str -2) [hidden defects]
  9922 | D:8      | Found a flagged portal.
  9923 | D:8      | Noticed a hornet
  9933 | Bailey   | Entered a bailey
 10321 | Bailey   | HP: 5/109 [gnoll (4)]
 10322 | Bailey   | Slain by a gnoll

Illustrated notes

Levels and vault maps discovered:
D:1:      minmay_arrival_three_doors, layout_basic,
          shapermc_ecumenical_altar_ellora
D:2:      layout_rooms
D:3:      layout_basic, amcnicky_mini_corridor_feature
D:4:      layout_gridville, nicolae_qazlal_general_emergency,
          mainiacjoe_overflow_cross_hatched, xom_redecorated,
          minmay_shop_enchanted_jewellery, minmay_cupped
D:5:      layout_basic, lemuel_doored_altar, mainiacjoe_overflow_boulevard,
          uniq_duvessa
D:6:      layout_loops_ring, tgw_kikubaaqudgha,
          minmay_temple_entry_statues_pillars, kennysheep_decorative_pillar
D:7:      layout_cave_pools, kennysheep_cross_room, moated_statue,
          nicolae_shop_sticking_my_neck_out, uniq_joseph
D:8:      layout_loops_corners, enter_bailey_5, serial_undead, serial_undead_b,
          serial_undead_f, serial_undead_f, serial_undead_a, nzn_life_drinkers
Bailey:   bailey_polearm_gnolls_kennysheep, bailey

Skill      XL: |  1  2  3  4  5  6  7  8  9 |
---------------+----------------------------+-----
Axes           | 3 4 5 6 7 8 |  8.4
Dodging        | 1 2 |  2.5
Invocations    | 3 4 5 7 8 |  8.4
Fighting       | 4 5 7 8 |  8.3
Armour         | 3 4 |  4.6
Throwing       | 1 3 |  3.5

Action                   |  1- 3 |  4- 6 |  7- 9 || total
-------------------------+-------+-------+-------++-------
Melee: Hand axe          |   132 |   100 |   152 ||   384
       War axe           |       |    56 |   129 ||   185
       Trident           |       |       |    11 ||    11
Throw: Dart              |     2 |     9 |    25 ||    36
       Throwing net      |       |       |     1 ||     1
Invok: Depart the Abyss  |     1 |       |       ||     1
       Bend Space        |       |       |    18 ||    18
       Banish            |       |       |     1 ||     1
Evoke: Wand              |       |       |     9 ||     9
  Use: Potion            |       |       |    14 ||    14
       Scroll            |       |       |     6 ||     6
 Stab: Sleeping          |     1 |       |       ||     1
       Invisible         |       |     2 |     2 ||     4
Armor: Leather armour    |    26 |       |       ||    26
       Ring mail         |    38 |    18 |       ||    56
       Scale mail        |       |    49 |   128 ||   177
       Skin              |       |    11 |    35 ||    46
       Plate armour      |       |       |    80 ||    80
Dodge: Dodged            |   104 |    78 |   178 ||   360

Table legend: (Time is in decaauts)
 A = Elapsed time spent in this place.
 B = Non-inter-level travel time spent in this place.
 C = Inter-level travel time spent in this place.
 D = Time resting spent in this place.
 E = Time spent auto-exploring this place.
 F = Levels seen in this place.
 G = Mean time per level.
                   A        B        C        D        E       F      G
               +--------+--------+--------+--------+--------+-----+--------+
         Total |  10360 |  10083 |    277 |   3863 |   4683 |  10 | 1036.0 |
       Dungeon |   9943 |   9666 |    277 |   3621 |   4615 |   8 | 1242.9 |
         Abyss |     47 |     47 |      0 |      0 |     45 |   1 |   47.0 |
        Bailey |    370 |    370 |      0 |    242 |     23 |   1 |  370.0 |
               +--------+--------+--------+--------+--------+-----+--------+

Top non-repeatable levels by time:
     D:6: 2388 daAuts
     D:5: 1824 daAuts
     D:1: 1764 daAuts
     D:4: 1566 daAuts
     D:7: 908 daAuts
     D:2: 674 daAuts
     D:3: 608 daAuts
  Bailey: 370 daAuts
     D:8: 206 daAuts
 Abyss:1: 47 daAuts
